 Dungeon Crawl Stone Soup version 0.24-a0-479-g9a978d2894 (webtiles) character file.

Game seed: 7690103626089200609

755936 DonutEater the Sorcerer (level 27, -19/183 HPs)
             Began as a Gargoyle Earth Elementalist on July 7, 2019.
             Was the Champion of Vehumet.
             Demolished by Kostrec the pandemonium lord (32 damage)
             ... on level 18 of a ziggurat on July 8, 2019.
             The game lasted 04:28:24 (85384 turns).

DonutEater the Sorcerer (GrEE)                     Turns: 85384, Time: 04:28:25

Health: -19/183    AC: 37    Str: 21      XL:     27
Magic:  48/51      EV: 28    Int: 25 (28) God:    Vehumet [******]
Gold:   3568       SH:  8    Dex: 15      Spells: 7/75 levels left

rFire    + + .     SeeInvis +   M - +8 lance "Wyrmbane" {slay drac, rPois rF+ rC+ AC+3}
rCold    + + +     Gourm    +   w - +3 buckler {rC+ rF+}
rNeg     + . .     Faith    .   p - +5 robe of Night {Dark MR+ SInv}
rPois    ∞         Spirit   .   F - +2 hat
rElec    +         Reflect  .   O - +0 cloak "Poqa" {MR+ Regen+ Stlth-}
rCorr    +         Harm     .   B - +2 pair of gloves {Str+3}
MR       ++++.                  n - +3 pair of boots of Luereot {rElec rCorr}
Stlth    ++........             a - amulet of the gourmand
HPRegen  0.80/turn              R - ring "Zefiklu" {rC+ AC+3}
MPRegen  0.32/turn              y - +6 ring of slaying

@: mighty, agile, corroded, flying, hasted, studying Necromancy, silenced, very
quick
A: antennae 2, big wings, iridescent scales 1, molten scales 1, negative energy
resistance 1, sense surroundings 1, electricity resistance, unbreathing,
petrification resistance, rot immunity, AC +20
}: 5/15 runes: serpentine, barnacled, slimy, silver, abyssal
a: Stop Flying, Renounce Religion


You were on level 18 of a ziggurat.
You worshipped Vehumet.
Vehumet was exalted by your worship.
You were full.

You visited 11 branches of the dungeon, and saw 53 of its levels.
You visited the Abyss 1 time.
You visited 1 bazaar.
You visited 1 ziggurat, and saw 18 of its levels.
You also visited: Ice Cave and Volcano.

You collected 9164 gold pieces.
You spent 5596 gold pieces at shops.

Inventory:

Hand Weapons
 M - the +8 lance "Wyrmbane" (weapon) {slay drac, rPois rF+ rC+ AC+3}
   (You found it on level 16 of a ziggurat)

   It affects your AC (+3).
   It protects you from fire.
   It protects you from cold.
   It protects you from poison.
 Y - a +9 morningstar of electrocution
Missiles
 D - 7 throwing nets (quivered)
Armour
 e - the +0 hat of Dramatic Exits {MR- Str+6 Int+2}
   (You found it on level 13 of a ziggurat)

   It affects your strength (+6).
   It affects your intelligence (+2).
   It affects your resistance to hostile enchantments.
 n - the +3 pair of boots of Luereot (worn) {rElec rCorr}
   (You found it on level 8 of a ziggurat)

   It insulates you from electricity.
   It provides partial protection from all sources of acid and corrosion.
 p - the +5 robe of Night (worn) {Dark MR+ SInv}
   (You found it on level 4 of the Depths)

   It affects your resistance to hostile enchantments.
   It lets you see invisible.
 w - a +3 buckler of resistance (worn)
 B - a +2 pair of gloves of strength (worn)
 F - a +2 hat (worn)
 O - the +0 cloak "Poqa" (worn) {MR+ Regen+ Stlth-}
   (You found it in an ice cave)

   It affects your resistance to hostile enchantments.
   It increases your rate of regeneration.
   It makes you less stealthy.
 P - the +3 robe of Folly {Archmagi, MR-- Int+5}
   (You found it on level 8 of a ziggurat)

   It affects your intelligence (+5).
   It affects your resistance to hostile enchantments.
 Z - a +2 robe of the Archmagi
Jewellery
 a - an amulet of the gourmand (around neck)
 i - the ring "Jaosong" {MP+9 Int+3 Dex+3}
   (You found it on level 16 of a ziggurat)

   [ring of magical power]

   It affects your intelligence (+3).
   It affects your dexterity (+3).
   It affects your magic capacity (+9).
 k - a ring of the Octopus King {MP+9 AC+1 EV+1 Str+1 Int+1 Dex+1}
   (You found it on level 11 of a ziggurat)

   [ring of magical power]

   It affects your AC (+1).
   It affects your evasion (+1).
   It affects your strength (+1).
   It affects your intelligence (+1).
   It affects your dexterity (+1).
   It affects your magic capacity (+9).
 m - a +4 ring of protection
 v - the amulet "Sits" {*Contam +Rage MP+9 Str+2 Int+3}
   (You found it on level 12 of a ziggurat)

   [amulet of rage]

   It affects your strength (+2).
   It affects your intelligence (+3).
   It affects your magic capacity (+9).
   It lets you go berserk.
   It causes magical contamination when unequipped.
 y - a +6 ring of slaying (right hand)
 H - an uncursed ring of wizardry
 R - the ring "Zefiklu" (left hand) {rC+ AC+3}
   (You found it on level 9 of a ziggurat)

   [ring of protection]

   It affects your AC (+3).
   It protects you from cold.
Wands
 J - a wand of iceblast (27)
 N - a wand of disintegration (29)
 Q - a wand of clouds (14)
Scrolls
 b - 6 scrolls of amnesia
 c - 5 scrolls of magic mapping
 f - 19 scrolls of identify
 g - a scroll of holy word
 h - 6 scrolls of enchant weapon
 j - 21 scrolls of remove curse
 q - 3 scrolls of blinking
 t - 39 scrolls of teleportation
 I - 12 scrolls of fog
 L - a scroll of summoning
Potions
 o - 18 potions of curing
 s - 3 potions of ambrosia
 u - 4 potions of cancellation
 A - 4 potions of agility
 C - a potion of magic
 E - 3 potions of berserk rage
 G - 7 potions of mutation
 K - 3 potions of invisibility
 U - 6 potions of haste
 V - 4 potions of might
Books
 l - a manual of Necromancy
Miscellaneous
 r - 3 boxes of beasts
 x - 3 phantom mirrors
 z - a fan of gales
 W - a lamp of fire (inert)
Comestibles
 d - 68 rations


   Skills:
 + Level 21.4 Fighting
 - Level 14.0 Maces & Flails
 + Level 5.3 Polearms
 - Level 6.0 Armour
 - Level 15.5 Dodging
 - Level 2.1 Stealth
 - Level 5.0 Shields
 * Level 24.5 Spellcasting
 - Level 15.0 Conjurations
 - Level 0.7 Transmutations
 - Level 22.0 Fire Magic
 + Level 13.0 Ice Magic
 - Level 22.0 Earth Magic
 - Level 6.0 Evocations


You had 7 spell levels left.
You knew the following spells:

 Your Spells              Type           Power        Failure   Level  Hunger
a - Shatter               Erth           #######...   4%          9    ######.
b - Stone Arrow           Conj/Erth      ######       0%          3    None
c - Lee's Rapid Deconstr  Erth           #######...   0%          5    None
d - Iron Shot             Conj/Erth      #######...   1%          6    None
e - Fireball              Conj/Fire      #######...   0%          5    None
f - Bolt of Fire          Conj/Fire      #######...   1%          6    None
g - Fire Storm            Conj/Fire      #######...   16%         9    ######.
h - Mephitic Cloud        Conj/Pois/Air  ######..     1%          3    None
i - Ignition              Fire           #######...   1%          8    #####..
j - Irradiate             Conj/Tmut      ######....   1%          5    None
k - Glaciate              Conj/Ice       #######...   63%         9    ######.

Your spell library contained the following spells:

 Spells                   Type           Power        Failure   Level  Hunger
 Lehudib's Crystal Spear  Conj/Erth      #######...   1%          8    #####..
 Chain Lightning          Conj/Air       ######....   61%         8    #####..
 Flame Tongue             Conj/Fire      #####        0%          1    None
 Freeze                   Ice            ####         0%          1    None
 Magic Dart               Conj           ####         0%          1    None
 Sandblast                Erth           ######       0%          1    None
 Passwall                 Tmut/Erth      ######..     0%          2    None
 Searing Ray              Conj           ######       0%          2    None
 Throw Flame              Conj/Fire      ######       0%          2    None
 Throw Frost              Conj/Ice       ######       0%          2    None
 Conjure Flame            Conj/Fire      #######.     0%          3    None
 Iskenderun's Mystic Bla  Conj           #######.     0%          4    None
 Sticky Flame             Conj/Fire      #######.     0%          4    None
 Bolt of Magma            Conj/Fire/Erth #######...   0%          5    None
 Animate Skeleton         Necr           N/A          1%          1    None
 Apportation              Tloc           ####..       1%          1    None
 Beastly Appendage        Tmut           ####..       1%          1    None
 Confusing Touch          Hex            ####..       1%          1    None
 Corona                   Hex            ####...      1%          1    None
 Infusion                 Chrm           ####         1%          1    None
 Pain                     Necr           ####         1%          1    None
 Shock                    Conj/Air       ####         1%          1    None
 Sting                    Conj/Pois      ####         1%          1    None
 Summon Butterflies       Summ           ####....     1%          1    None
 Summon Small Mammal      Summ           ####         1%          1    None
 Blink                    Tloc           N/A          1%          2    None
 Call Imp                 Summ           ####....     1%          2    None
 Corpse Rot               Necr           N/A          1%          2    None
 Ensorcelled Hibernation  Hex/Ice        ######       1%          2    None
 Poisonous Vapours        Pois/Air       ####..       1%          2    None
 Shroud of Golubria       Chrm/Tloc      ####..       1%          2    None
 Slow                     Hex            ####....     1%          2    None
 Song of Slaying          Chrm           ####....     1%          2    None
 Sticks to Snakes         Tmut           ####....     1%          2    None
 Swiftness                Chrm/Air       ####....     1%          2    None
 Dazzling Spray           Conj/Hex       ######       1%          3    None
 Ignite Poison            Fire/Tmut/Pois ######..     1%          3    None
 Inner Flame              Hex/Fire       ######..     1%          3    None
 Ozocubu's Armour         Chrm/Ice       ######..     1%          3    None
 Static Discharge         Conj/Air       ######..     1%          3    None
 Force Lance              Conj/Tloc      ######..     1%          4    None
 Fulminant Prism          Conj/Hex       ######....   1%          4    None
 Ice Form                 Ice/Tmut       ######..     1%          4    None
 Leda's Liquefaction      Hex/Erth       ######....   1%          4    None
 Petrify                  Tmut/Erth      ######..     1%          4    None
 Summon Ice Beast         Ice/Summ       ######..     1%          4    None
 Throw Icicle             Conj/Ice       #######.     1%          4    None
 Bolt of Draining         Conj/Necr      ######....   1%          5    None
 Borgnjor's Vile Clutch   Necr/Erth      ######....   1%          5    None
 Iskenderun's Battlesphe  Conj/Chrm      ######..     1%          5    None
 Lightning Bolt           Conj/Air       ######....   1%          5    None
 Venom Bolt               Conj/Pois      ######....   1%          5    None
 Orb of Destruction       Conj           #######...   1%          7    ###....
 Metabolic Englaciation   Hex/Ice        ######....   2%          5    None
 Conjure Ball Lightning   Conj/Air       ######....   2%          6    None
 Poison Arrow             Conj/Pois      ######....   2%          6    None
 Call Canine Familiar     Summ           ####....     3%          3    None
 Confuse                  Hex            ####....     3%          3    None
 Gell's Gravitas          Tloc           ####......   3%          3    None
 Lesser Beckoning         Tloc           ####......   3%          3    None
 Portal Projectile        Hex/Tloc       ####..       3%          3    None
 Recall                   Summ/Tloc      N/A          3%          3    None
 Regeneration             Chrm/Necr      ####......   3%          3    None
 Spectral Weapon          Hex/Chrm       ####....     3%          3    None
 Spider Form              Tmut/Pois      ####......   3%          3    None
 Summon Guardian Golem    Hex/Summ       ####....     3%          3    None
 Teleport Other           Tloc           ####....     3%          3    None
 Tukima's Dance           Hex            ####....     3%          3    None
 Olgreb's Toxic Radiance  Pois           ####....     3%          4    None
 Yara's Violent Unravell  Hex/Tmut       ####......   7%          5    None
 Animate Dead             Necr           N/A          11%         4    None
 Cause Fear               Hex            ####......   11%         4    None
 Passage of Golubria      Tloc           N/A          11%         4    None
 Summon Lightning Spire   Summ/Air       ####....     11%         4    None
 Simulacrum               Ice/Necr       ######....   12%         6    None
 Spellforged Servitor     Conj/Summ      ######....   12%         7    ###....
 Blade Hands              Tmut           ####......   22%         5    None
 Alistair's Intoxication  Tmut/Pois      ####....     26%         5    None
 Agony                    Necr           ####....     30%         5    None
 Aura of Abjuration       Summ           ####......   30%         5    None
 Dispel Undead            Necr           ####....     30%         5    None
 Excruciating Wounds      Chrm/Necr      ####......   30%         5    None
 Silence                  Hex/Air        ####......   30%         5    None
 Summon Demon             Summ           ####......   30%         5    None
 Summon Forest            Summ/Tloc      ####......   30%         5    None
 Summon Mana Viper        Hex/Summ       ####....     30%         5    None
 Hydra Form               Tmut           ####......   77%         6    None
 Darkness                 Hex            ####......   86%         6    None
 Death Channel            Necr           ####......   86%         6    None
 Deflect Missiles         Chrm/Air       ####......   86%         6    None
 Dispersal                Tloc           ####......   86%         6    None
 Invisibility             Hex            ####....     86%         6    None
 Shadow Creatures         Summ           N/A          86%         6    None
 Dragon Form              Tmut           ####......   100%        7    ###....
 Summon Hydra             Summ           ####......   100%        7    ###....
 Controlled Blink         Tloc           N/A          100%        8    #####..
 Discord                  Hex            ####......   100%        8    #####..
 Disjunction              Tloc           ####......   100%        8    #####..
 Dragon's Call            Summ           ####......   100%        9    ######.
 Tornado                  Air            ####......   100%        9    ######.
 Sublimation of Blood     Necr           Unusable     N/A         2    N/A
 Statue Form              Tmut/Erth      Unusable     N/A         6    N/A

Dungeon Overview and Level Annotations

Branches:
Dungeon (15/15)            Temple (1/1) D:7            Lair (6/6) D:11
 Shoals (4/4) Lair:4        Snake (4/4) Lair:3        Slime (5/5) Lair:6
    Orc (2/2) D:9             Elf (3/3) Orc:2        Vaults (5/5) D:13
  Crypt (3/3) Vaults:3       Tomb (0/3) Crypt:3      Depths (5/5) D:15
    Zot (0/5) Depths:5

Altars:
Ashenzari
Cheibriados
Dithmenos
Elyvilon
Fedhas
Gozag
Hepliaklqana
Kikubaaqudgha
Makhleb
Nemelex Xobeh
Okawaru
Qazlal
Ru
Sif Muna
Trog
Uskayaw
Vehumet
Wu Jian
Xom
Yredelemnul
Zin
The Shining One
Beogh
Jiyva

Shops:
D:4 *   D:7 ?   Orc:1 *   Orc:2 :?!*   Snake:1 }=}   Snake:2 ?   Snake:3 (
Vaults:1 *   Vaults:4 ?   Depths:3 *

Portals:
Hell: Depths:1 Depths:2 Depths:3 Depths:4 Depths:5
Abyss: Depths:1 Depths:4
Pandemonium: Depths:1 Depths:2 Depths:3

Annotations:
Vaults:1 1 runed translucent door, bmfx's ghost, adept GnVM


Innate Abilities, Weirdness & Mutations

You are resistant to torment.
Your stone body is resilient. (AC +20)
You are immune to poison.
Your large and strong wings let you fly indefinitely.
You resist negative energy. (rN+)
You are resistant to electric shocks. (rElec)
You can survive without breathing.
You are immune to petrification.
You are immune to rotting.
You have a pair of antennae on your head.
You are partially covered in iridescent scales. (AC +2)
You are partially covered in molten scales. (AC +2)
You passively map a small area around you.


Message History

...and a juvenile shockfire beast leaps out!
Ominwora is engulfed in freezing vapours.
Kostrec is engulfed in freezing vapours.
Kostrec hits you!
* * * LOW HITPOINT WARNING * * *
Kostrec burns you.
* * * LOW HITPOINT WARNING * * *
You block Ifoimung's attack.
You feel better.
The shining eye changes into a death drake!
Ominwora is engulfed in freezing vapours.
Kostrec hits you!
* * * LOW HITPOINT WARNING * * *
Kostrec burns you.
* * * LOW HITPOINT WARNING * * *
Zasim is engulfed in freezing vapours.
Ifoimung completely misses you.
You feel better.
Ominwora is engulfed in freezing vapours.
Kostrec hits you!!
You die...

* , , *
............▓▓
.............▓▓
.....§........▓▓
...........§§.H▓▓
.......G...§§§&&▓▓
&...)..&...§§§&&@▓
..).......G☼○§t&▓▓
...........§k§.▓▓
..............▓▓
.............▓▓
............▓▓ ,,,
, , , , *


You could see Ifoimung, Kostrec, Ominwora, Peonnyfe, Zasim, a death drake shaped
shifter, an apocalypse crab and a friendly juvenile shockfire beast.

Vanquished Creatures
  the Royal Jelly (Slime:5)
  7 ancient liches
  3 greater mummies
  A juggernaut (Depths:4)
  A shard shrike (Zig:7)
  3 Killer Klowns
  8 caustic shrikes
  Frederick (Crypt:2)
  Xtahua (Depths:4)
  A pandemonium lord (Zig:4)
  2 golden dragons
  Nikola (Vaults:1)
  3 bone dragons
  A Tzitzimitl (Depths:3)
  An Ice Fiend (Zig:4)
  2 tentacled monstrosities
  Jorgrun (D:13)
  9 liches
  4 deep elf blademasters (Elf:3)
  A quicksilver dragon (shapeshifter) (Zig:6)
  A quicksilver dragon (Vaults:4)
  3 deep elf master archers (Elf:3)
  9 titans
  5 tentacled starspawn
  6 sphinxes
  Polyphemus (Shoals:3)
  28 acid blobs
  Kirke (Lair:5)
  2 thorn hunters (Abyss:3)
  2 shadow dragons (Vaults:5)
  2 ancient champions
  21 nagarajas
  8 storm dragons
  Ilsuiw (Shoals:2)
  5 tengu reavers
  3 revenants
  18 azure jellies
  9 deep elf sorcerers
  A corrupter (Zig:4)
  8 fire giants
  7 frost giants
  4 curse skulls
  2 draconian knights (Zig:7)
  A ghost moth (Depths:4)
  4 orc warlords
  2 emperor scorpions (Depths:4)
  A caustic shrike zombie (Depths:3)
  2 balrugs
  An emperor scorpion (shapeshifter) (Depths:5)
  18 vault wardens
  4 deep elf elementalists
  A draconian annihilator (Depths:5)
  18 stone giants
  19 ironheart preservers
  22 very ugly things
  6 reapers
  5 war gargoyles
  A spriggan defender (Depths:2)
  A stone giant (shapeshifter) (Zig:18)
  A caustic shrike skeleton (Depths:3)
  2 juggernaut skeletons
  A white draconian (Depths:5)
  3 black draconians (Depths:5)
  9 vampire knights
  7 deep elf annihilators (Elf:3)
  5 entropy weavers
  3 green draconians (Depths:5)
  Azrael (D:12)
  A bennu (Zig:13)
  4 deep elf demonologists
  A lorocyproca (Abyss:1)
  8 spark wasps
  A red draconian (Depths:5)
  4 dire elephants (Zig:15)
  21 ettins
  The ghost of Gynju the Spear-Bearer, a journeyman MiFi of Cheibriados (Lair:5)
  11 deep elf death magi
  5 green deaths
  6 merfolk javelineers
  8 death oozes
  14 fire dragons
  4 eidola
  4 mummy priests
  4 deep elf high priests
  5 jiangshi (Crypt:1)
  A quicksilver dragon zombie (Crypt:2)
  16 yaktaur captains
  11 merfolk impalers
  A monstrous demonspawn (Depths:1)
  6 spriggan air magi
  45 vault guards
  12 hydras
  A caustic shrike simulacrum (Depths:3)
  12 naga warriors
  17 ice dragons
  A quicksilver dragon skeleton (Crypt:3)
  13 great orbs of eyes
  A hydra (shapeshifter) (Vaults:5)
  A rakshasa (Abyss:3)
  6 merfolk avatars
  13 centaur warriors
  A two-headed ogre (shapeshifter) (Zig:14)
  A juggernaut simulacrum (Depths:3)
  A catoblepas (Shoals:3)
  5 merfolk aquamancers
  8 anacondas
  15 death yaks
  An alligator snapping turtle (Shoals:3)
  26 dancing weapons
  3 death knights
  34 two-headed ogres
  A death yak (shapeshifter) (Depths:4)
  9 deep troll shamans
  13 ogre magi
  A titan zombie (Crypt:1)
  8 death scarabs
  6 orc high priests
  3 satyrs
  9 shock serpents
  6 deep troll earth magi
  2 tengu warriors (Depths:5)
  4 thrashing horrors (Abyss:3)
  21 naga sharpshooters
  A shock serpent (shapeshifter) (Zig:6)
  9 spriggan berserkers
  10 vampire magi
  7 soul eaters
  4 fire crabs (Zig:10)
  14 small abominations
  7 iron trolls
  A titan skeleton (Depths:1)
  31 deep elf knights
  29 skeletal warriors
  A storm dragon zombie (Crypt:3)
  3 sun demons (Depths:1)
  6 shadow wraiths
  21 hell knights
  4 wretched stars (Abyss:3)
  2 storm dragon skeletons (Crypt:3)
  22 sea snakes
  4 spark wasp zombies
  A swamp dragon (Abyss:3)
  2 sea snakes (shapeshifter)
  3 sixfirhies (Depths:1)
  An infernal demonspawn (Depths:2)
  A shadow demon (Depths:1)
  32 deep trolls
  4 glowing orange brains
  A shadow dragon zombie (Depths:3)
  2 quicksilver dragon simulacra
  A flayed ghost (Crypt:1)
  A death drake (shapeshifter) (Depths:5)
  3 salamander mystics
  A gelid demonspawn (Depths:2)
  9 wizards
  2 sphinx zombies (Depths:3)
  6 obsidian statues
  2 orange crystal statues
  6 unseen horrors
  A lindwurm (Lair:4)
  2 golden dragon skeletons (Depths:3)
  21 ironbrand convokers
  A spriggan druid (Zig:15)
  9 deep elf archers
  A wolf spider (shapeshifter) (Zig:14)
  An orb spider (shapeshifter) (Vaults:3)
  A wolf spider zombie (D:15)
  An anaconda skeleton (Crypt:3)
  9 naga ritualists
  2 mana vipers (shapeshifter) (Zig:14)
  11 phantasmal warriors
  27 orc knights
  15 harpies
  2 fire giant zombies
  14 mana vipers
  18 fauns
  A shining eye (shapeshifter) (Zig:14)
  11 large abominations
  15 manticores
  5 oklob plants
  5 wolf spiders
  3 shadow dragon skeletons
  39 ugly things
  13 necromancers
  12 cyclopes
  72 deep elf magi
  2 salamanders (shapeshifter)
  A tengu skeleton (Depths:3)
  A faun (shapeshifter) (Depths:2)
  2 worldbinders (Abyss:3)
  8 orc sorcerers
  10 shining eyes
  2 moths of wrath (shapeshifter)
  3 sphinx skeletons
  5 ice statues
  2 iron dragon skeletons (Crypt:3)
  7 elephants (Lair:6)
  8 water nymphs
  10 salamanders
  12 merfolk sirens
  2 stone giant skeletons
  3 fire giant skeletons
  5 toenail golems (Volcano)
  2 frost giant skeletons
  Maurice (D:8)
  68 black mambas
  5 eyes of devastation
  2 orange demons
  4 smoke demons
  6 torpor snails
  34 naga magi
  20 vault sentinels
  A spriggan zombie (Zig:17)
  7 rust devils
  3 storm dragon simulacra
  3 apocalypse crabs
  A dire elephant skeleton (Crypt:2)
  5 guardian serpents
  5 gargoyles
  A spriggan skeleton (Depths:3)
  A catoblepas zombie (Crypt:1)
  28 spiny frogs
  A spiny frog (shapeshifter) (Depths:4)
  A yaktaur (shapeshifter) (Depths:5)
  A demonic crawler (Zig:2)
  6 freezing wraiths
  A grey draconian zombie (Crypt:1)
  9 komodo dragons
  A pale draconian zombie (Crypt:2)
  3 kobold demonologists (D:13)
  An efreet (D:14)
  4 rime drakes
  A rime drake (shapeshifter) (Vaults:3)
  23 guardian mummies
  A komodo dragon (shapeshifter) (Depths:2)
  5 hellwings
  3 ancient zymes
  A harpy zombie (Crypt:1)
  A yellow draconian skeleton (Crypt:2)
  6 red devils
  A hydra zombie (Abyss:3)
  8 ice devils
  49 yaktaurs
  2 tengu simulacra (Depths:3)
  34 merfolk
  4 polar bears
  20 trolls
  A blink frog (shapeshifter) (Vaults:1)
  5 jumping spiders
  4 tyrant leeches (Lair:6)
  5 hornets
  A fire dragon zombie (Crypt:3)
  A wolf spider simulacrum (D:14)
  Prince Ribbit (D:8)
  A jumping spider (shapeshifter) (Vaults:4)
  A sphinx simulacrum (Zig:5)
  11 wind drakes
  A dream sheep (shapeshifter) (Vaults:5)
  A human simulacrum (Vaults:3)
  2 fire giant simulacra
  111 slime creatures
  18 hippogriffs
  19 dream sheep
  4 raiju (Abyss:1)
  A slime creature (shapeshifter) (Depths:5)
  13 snapping turtles
  An ettin zombie (Crypt:1)
  A meliai zombie (D:12)
  12 flying skulls
  An ice dragon zombie (Crypt:3)
  5 air elementals
  27 blink frogs
  3 redbacks
  16 starcursed masses
  4 elf skeletons
  Sigmund (D:4)
  2 spriggans (Depths:4)
  A ynoxinul (Abyss:3)
  A fire dragon skeleton (Crypt:1)
  6 ushabtiu
  A vampire (D:11)
  An alligator skeleton (Crypt:3)
  3 tarantellas (Depths:4)
  An ice dragon skeleton (Crypt:1)
  81 yaks
  2 fire bats (shapeshifter)
  5 shadows
  2 golden eyes
  15 fire elementals
  2 elf zombies (Depths:3)
  7 water elementals
  5 wyverns
  A yak (shapeshifter) (Vaults:3)
  3 hogs (Lair:5)
  A hog (shapeshifter) (Vaults:3)
  2 steam dragons
  8 wraiths
  4 basilisks
  2 neqoxecs
  3 hungry ghosts
  6 vampire mosquitoes (Lair:6)
  3 chaos spawn
  9 wargs
  A naga (shapeshifter) (Vaults:5)
  A spatial vortex (Abyss:3)
  A water nymph zombie (Crypt:1)
  A swamp worm (shapeshifter) (Zig:18)
  2 merfolk zombies (Crypt:3)
  75 nagas
  16 water moccasins
  A floating eye (Lair:3)
  3 hell hounds
  A swamp drake (Lair:6)
  6 porcupines
  A black bear (D:10)
  A meliai simulacrum (D:15)
  4 sky beasts
  A snapping turtle zombie (Crypt:3)
  A hornet zombie (D:13)
  4 ice beasts
  52 orc warriors
  3 eyes of draining
  An eye of draining (shapeshifter) (Vaults:5)
  An ettin simulacrum (Vaults:1)
  4 phantoms
  2 elephant zombies (Lair:3)
  29 centaurs
  11 boggarts
  43 ogres
  2 necrophages
  9 wolves
  13 crocodiles
  5 big kobolds
  32 bullfrogs
  A rime drake skeleton (Crypt:1)
  A hippogriff skeleton (Crypt:1)
  A water moccasin zombie (Crypt:1)
  4 earth elementals
  A glowing shapeshifter simulacrum (Vaults:3)
  2 scorpions
  13 killer bees
  5 electric eels
  4 howler monkeys
  13 wights
  7 crimson imps
  A quasit (Depths:2)
  3 basilisk zombies
  4 centaur zombies
  2 bullfrog zombies
  A draconian simulacrum (IceCv)
  49 orc priests
  6 bullfrog skeletons
  11 centaur skeletons
  10 hounds
  13 jellies
  53 orc wizards
  4 iguanas
  2 iron imps (Depths:2)
  2 spriggan simulacra (IceCv)
  19 worker ants
  3 troll simulacra (IceCv)
  A felid zombie (Crypt:1)
  2 ogre zombies (Crypt:2)
  A tengu zombie (Crypt:2)
  A crocodile zombie (Crypt:2)
  A centaur simulacrum (IceCv)
  2 hound zombies (D:10)
  2 hound skeletons
  38 mummies
  A howler monkey zombie (Crypt:1)
  23 adders
  2 naga simulacra (IceCv)
  A howler monkey skeleton (D:7)
  An ogre simulacrum (IceCv)
  A river rat (Lair:6)
  2 shadow imps
  4 white imps
  4 ufetubi
  An ooze (D:5)
  4 adder zombies
  3 adder skeletons
  4 worms
  2 dart slugs
  2 leopard geckos
  136 orcs
  3 giant cockroaches
  8 goblins
  6 hobgoblins
  4 jackals (D:2)
  5 quokkas
  A ball python (D:5)
  14 bats
  5 frilled lizards
  A jackal skeleton (D:5)
  32 kobolds
  4 rats
  3 bushes
  A butterfly (Lair:2)
  A crawling corpse (Elf:2)
  4 fire vortices
  A lurking horror (Abyss:3)
  15 plants
  4 starspawn tentacles
  A withered plant (Crypt:3)
3170 creatures vanquished.

Vanquished Creatures (collateral kills)
  Jory (Crypt:3)
  A bennu (Zig:13)
  An iron troll (Depths:5)
  A hell knight (Crypt:3)
  An ushabti (Zig:5)
5 creatures vanquished.

Vanquished Creatures (others)
  A Killer Klown (Zig:18)
  A thrashing horror (Abyss:1)
  A deep elf knight (Elf:3)
  A sea snake (Shoals:3)
  An unseen horror (Depths:4)
  A wizard (Volcano)
  A harpy (Shoals:4)
  A faun (shapeshifter) (Zig:18)
  An air elemental (Elf:2)
  A human (Lair:5)
  An orc warrior (Orc:2)
  An ogre (Vaults:2)
  3 orcs
  2 bushes
  46 fire vortices
  44 fungi
  97 plants
  8 starspawn tentacles
  7 toadstools (D:5)
  50 withered plants (Crypt:3)
269 creatures vanquished.

Grand Total: 3444 creatures vanquished

Notes
Turn   | Place    | Note
-------+----------+-------------------------------------------
     0 | D:1      | DonutEater the Gargoyle Earth Elementalist began the quest
                  | for the Orb.
     0 | D:1      | Reached XP level 1. HP: 10/10 MP: 3/3
   231 | D:1      | Reached XP level 2. HP: 14/15 MP: 5/5
  1267 | D:2      | Reached XP level 3. HP: 19/19 MP: 6/6
  1273 | D:2      | Learned a level 3 spell: Stone Arrow
  1500 | D:2      | Reached skill level 1 in Conjurations
  1500 | D:2      | Reached XP level 4. HP: 24/24 MP: 2/8
  1583 | D:2      | Reached skill level 3 in Spellcasting
  1910 | D:2      | Found an opulent altar of Gozag.
  1910 | D:2      | Found a sparkling altar of Nemelex Xobeh.
  2460 | D:3      | Reached skill level 5 in Earth Magic
  2485 | D:3      | Found a blossoming altar of Fedhas.
  2721 | D:3      | Reached XP level 5. HP: 28/28 MP: 6/9
  3477 | D:4      | Noticed a phantom
  3487 | D:4      | Killed a phantom
  3487 | D:4      | Reached XP level 6. HP: 32/32 MP: 3/11
  3591 | D:4      | Noticed Sigmund
  3613 | D:4      | Killed Sigmund
  3613 | D:4      | Reached skill level 4 in Spellcasting
  3613 | D:4      | Reached XP level 7. HP: 14/36 MP: 5/13
  3856 | D:4      | Found a shimmering altar of Xom.
  3933 | D:4      | Found Ynumoum's General Store.
  4035 | D:5      | Entered Level 5 of the Dungeon
  4402 | D:5      | Reached skill level 1 in Armour
  4406 | D:5      | Reached skill level 1 in Fighting
  4519 | D:5      | Gained mutation: You tend to lose your temper in combat.
                  | [potion of mutation]
  4519 | D:5      | Gained mutation: You have sharp toenails. [potion of
                  | mutation]
  4519 | D:5      | Gained mutation: You are resistant to hostile enchantments.
                  | (MR+) [potion of mutation]
  4520 | D:5      | Lost mutation: You are resistant to hostile enchantments.
                  | (MR+) [potion of mutation]
  4520 | D:5      | Lost mutation: You tend to lose your temper in combat.
                  | [potion of mutation]
  4520 | D:5      | Lost mutation: You have sharp toenails. [potion of
                  | mutation]
  4520 | D:5      | Gained mutation: You evolve. [potion of mutation]
  4520 | D:5      | Gained mutation: You are partially covered in rugged brown
                  | scales. (AC +1, +3% HP) [potion of mutation]
  4520 | D:5      | Gained mutation: Your spells are a little harder to cast,
                  | but a little more powerful. [potion of mutation]
  4520 | D:5      | Gained mutation: You passively map a small area around you.
                  | [potion of mutation]
  4529 | D:5      | Reached skill level 1 in Maces & Flails
  4545 | D:5      | Reached skill level 1 in Evocations
  4549 | D:5      | Reached XP level 8. HP: 44/44 MP: 10/15
  5217 | D:5      | Noticed a slime creature
  5217 | D:5      | Noticed a slime creature
  5217 | D:5      | Noticed a slime creature
  5307 | D:5      | Reached skill level 5 in Spellcasting
  5343 | D:5      | Killed a slime creature
  5343 | D:5      | Reached skill level 5 in Conjurations
  5350 | D:5      | Killed a slime creature
  5354 | D:5      | Killed a slime creature
  5354 | D:5      | Reached XP level 9. HP: 51/51 MP: 4/16
  6451 | D:6      | Learned a level 5 spell: Lee's Rapid Deconstruction
  7239 | D:7      | Found a staircase to the Ecumenical Temple.
  7261 | Temple   | Entered the Ecumenical Temple
  7359 | Temple   | Became a worshipper of Vehumet
  7426 | D:7      | Found Teall's Magic Scroll Shop.
  7434 | D:7      | Bought a scroll of identify for 24 gold pieces
  7434 | D:7      | Bought a scroll of magic mapping for 42 gold pieces
  7434 | D:7      | Bought a scroll of identify for 24 gold pieces
  7434 | D:7      | Bought a scroll of identify for 24 gold pieces
  7434 | D:7      | Bought a scroll of identify for 24 gold pieces
  7434 | D:7      | Bought a scroll of magic mapping for 42 gold pieces
  7519 | D:7      | Reached XP level 10. HP: 54/58 MP: 18/18
  7710 | D:8      | Noticed Prince Ribbit
  7715 | D:8      | Killed Prince Ribbit
  7715 | D:8      | Reached skill level 6 in Spellcasting
  7760 | D:8      | Got a jewelled buckler
  7761 | D:8      | Identified the cursed -5 buckler of Intuition {Str+2} (You
                  | found it on level 8 of the Dungeon)
  8259 | D:8      | Reached * piety under Vehumet
  8259 | D:8      | Offered knowledge of Magic Dart by Vehumet.
  8398 | D:8      | Noticed Maurice
  8399 | D:8      | Paralysed by something for 3 turns
  8674 | D:8      | Paralysed by Maurice for 6 turns
  8692 | D:8      | Paralysed by something for 4 turns
  8696 | D:8      | Killed Maurice
  9072 | D:8      | Reached skill level 5 in Fighting
  9075 | D:8      | Reached skill level 5 in Armour
  9458 | D:9      | Reached skill level 5 in Maces & Flails
  9460 | D:9      | Reached XP level 11. HP: 20/65 MP: 4/20
  9464 | D:9      | Reached ** piety under Vehumet
  9464 | D:9      | Offered knowledge of Shock by Vehumet.
  9528 | D:9      | Lost mutation: You passively map a small area around you.
                  | [evolution]
  9579 | D:9      | Found an ornate altar of the Wu Jian Council.
  9926 | D:9      | Found a staircase to the Orcish Mines.
  9954 | D:9      | Offered knowledge of Mephitic Cloud by Vehumet.
 10111 | D:9      | Found a roughly hewn altar of Beogh.
 10688 | D:10     | Entered Level 10 of the Dungeon
 10929 | D:10     | Reached *** piety under Vehumet
 10945 | D:10     | Reached skill level 5 in Evocations
 11131 | D:10     | Noticed an iron troll
 11131 | D:10     | Noticed an iron troll
 11259 | D:10     | Learned a level 3 spell: Mephitic Cloud
 11319 | D:10     | Noticed a deep troll
 11340 | D:10     | Noticed a two-headed ogre
 11342 | D:10     | Killed a deep troll
 11342 | D:10     | Reached skill level 7 in Spellcasting
 11350 | D:10     | Killed a two-headed ogre
 11350 | D:10     | Reached skill level 5 in Dodging
 11366 | D:10     | Killed an iron troll
 11598 | D:10     | Offered knowledge of Sticky Flame by Vehumet.
 11999 | D:11     | Found a staircase to the Lair.
 12081 | D:11     | Noticed a cyclops
 12097 | D:11     | Killed a cyclops
 12097 | D:11     | Reached XP level 12. HP: 40/73 MP: 6/23
 12563 | D:10     | Reached **** piety under Vehumet
 12790 | D:10     | Reached skill level 10 in Earth Magic
 13079 | D:10     | Gained mutation: You are partially covered in iridescent
                  | scales. (AC +2) [evolution]
 13079 | D:10     | Lost mutation: You evolve. [end of evolution]
 13168 | D:10     | Offered knowledge of Static Discharge by Vehumet.
 13793 | D:10     | Killed an iron troll
 14536 | D:12     | Noticed a seven-headed hydra
 14691 | D:12     | Killed a seven-headed hydra
 14691 | D:12     | Reached skill level 8 in Spellcasting
 15869 | D:12     | Reached ***** piety under Vehumet
 16131 | D:12     | Noticed Azrael
 16139 | D:12     | Offered knowledge of Fireball by Vehumet.
 16142 | D:12     | Reached XP level 13. HP: 64/80 MP: 23/25
 16143 | D:12     | Killed Azrael
 16301 | D:12     | Learned a level 5 spell: Fireball
 16553 | D:13     | Reached skill level 1 in Fire Magic
 17282 | D:13     | Noticed Jorgrun
 17301 | D:13     | Killed Jorgrun
 17707 | D:13     | Noticed a vault guard
 17708 | D:13     | Noticed a vault guard
 17710 | D:13     | Killed a vault guard
 17710 | D:13     | Noticed a vault guard
 17711 | D:13     | Noticed a vault guard
 17712 | D:13     | Killed a vault guard
 17887 | D:13     | Killed a vault guard
 17887 | D:13     | Reached skill level 10 in Conjurations
 17963 | D:13     | Found a gate to the Vaults.
 18085 | D:14     | Reached skill level 9 in Spellcasting
 18800 | D:14     | Gained mutation: Your large and strong wings let you fly
                  | indefinitely. [Gargoyle growth]
 18800 | D:14     | Reached XP level 14. HP: 88/88 MP: 27/27
 18829 | D:14     | Reached skill level 5 in Fire Magic
 19453 | D:14     | Found the +8 Wrath of Trog {antimagic, *Rage}
 19851 | Lair:1   | Entered Level 1 of the Lair of Beasts
 20359 | Lair:1   | Found a burning altar of Makhleb.
 20518 | Lair:1   | Offered knowledge of Irradiate by Vehumet.
 20584 | Lair:1   | Learned a level 5 spell: Irradiate
 22334 | Lair:3   | Found a staircase to the Snake Pit.
 22477 | Lair:3   | Identified a scroll of acquirement
 23453 | Lair:4   | Reached skill level 10 in Fighting
 23535 | Lair:4   | Offered knowledge of Bolt of Magma by Vehumet.
 23641 | Lair:4   | Found a staircase to the Shoals.
 23647 | Lair:4   | Got a pair of brightly glowing gloves
 23651 | Lair:4   | You are sucked into a shaft and drop 2 floors!
 23651 | Lair:6   | Entered Level 6 of the Lair of Beasts
 23652 | Lair:6   | Identified the +1 pair of gloves of Ibuhit {Regen+ Int+9
                  | Slay-3} (You found it on level 4 of the Lair of Beasts)
 23828 | Lair:5   | Found a runed translucent gate.
 23828 | Lair:5   | Found a runed translucent gate.
 23828 | Lair:5   | Found a runed translucent gate.
 23831 | Lair:5   | Noticed Gynju's ghost (journeyman MiFi)
 24175 | Lair:4   | Learned a level 5 spell: Bolt of Magma
 24320 | Lair:4   | Reached XP level 15. HP: 52/94 MP: 23/28
 25298 | Lair:5   | Identified the cursed +1 robe of the Alphagorgon {Slay+2}
                  | (You found it on level 5 of the Lair of Beasts)
 25715 | Lair:5   | Noticed Kirke
 25728 | Lair:5   | Killed Kirke
 25896 | Lair:5   | Reached skill level 10 in Spellcasting
 25927 | Lair:5   | Offered knowledge of Iron Shot by Vehumet.
 25935 | Lair:5   | Learned a level 6 spell: Iron Shot
 26669 | Lair:5   | Killed Gynju's ghost
 27786 | Lair:6   | Reached skill level 10 in Maces & Flails
 27959 | Lair:6   | Found a viscous altar of Jiyva.
 27960 | Lair:6   | Found a staircase to the Slime Pits.
 28045 | Lair:6   | Reached XP level 16. HP: 25/101 MP: 16/30
 29225 | Orc:1    | Entered Level 1 of the Orcish Mines
 29254 | Orc:1    | Found Zuozes's General Store.
 29310 | Orc:1    | Found a dark tunnel.
 29319 | Volcano  | Entered a volcano
 29487 | Volcano  | Paralysed by a wizard for 6 turns
 29514 | Volcano  | Reached skill level 10 in Fire Magic
 29816 | Orc:1    | Reached ****** piety under Vehumet
 29816 | Orc:1    | Offered knowledge of Freezing Cloud by Vehumet.
 30207 | Orc:1    | Bought a scroll of identify for 32 gold pieces
 30449 | Orc:2    | Entered Level 2 of the Orcish Mines
 30449 | Orc:2    | Found a staircase to the Elven Halls.
 30813 | Orc:2    | Found a burning altar of Makhleb.
 30964 | Orc:2    | Gained mutation: You are frail. (-10% HP) [a neqoxec]
 31233 | Orc:2    | Offered knowledge of Poison Arrow by Vehumet.
 31419 | Orc:2    | Found Ommaegi's General Store.
 31419 | Orc:2    | Found Hopt's Book Boutique.
 31419 | Orc:2    | Found Buepe's Magic Scroll Boutique.
 31423 | Orc:2    | Found Mirirph's Distillery.
 31433 | Orc:2    | Bought a scroll of blinking for 105 gold pieces
 31433 | Orc:2    | Bought a scroll of identify for 28 gold pieces
 31433 | Orc:2    | Bought a scroll of identify for 28 gold pieces
 31433 | Orc:2    | Bought a scroll of identify for 28 gold pieces
 31433 | Orc:2    | Bought a scroll of identify for 28 gold pieces
 31433 | Orc:2    | Bought a scroll of identify for 28 gold pieces
 31434 | Orc:2    | Bought a potion of curing for 48 gold pieces
 31435 | Orc:2    | Bought a potion of haste for 180 gold pieces
 31435 | Orc:2    | Bought a potion of curing for 54 gold pieces
 31435 | Orc:2    | Bought a potion of haste for 180 gold pieces
 31435 | Orc:2    | Bought a potion of curing for 54 gold pieces
 31435 | Orc:2    | Bought a potion of invisibility for 144 gold pieces
 31435 | Orc:2    | Bought a potion of invisibility for 144 gold pieces
 31435 | Orc:2    | Bought a potion of might for 72 gold pieces
 31783 | Orc:2    | Found a roughly hewn altar of Beogh.
 32082 | D:15     | Entered Level 15 of the Dungeon
 32217 | D:15     | Found a gateway to a bazaar.
 32233 | Bazaar   | Entered a bazaar
 32254 | Bazaar   | Found Wydd's Antique Weapon Shop.
 32254 | Bazaar   | Found Intika's Book Boutique.
 32313 | Bazaar   | Found Meth's Weapon Shop.
 32313 | Bazaar   | Found Zuavvethru's Assorted Antiques.
 32434 | D:15     | Found a frozen archway.
 32471 | IceCv    | Entered an ice cave
 33109 | IceCv    | Got a dazzling cloak
 33120 | IceCv    | Identified the +0 cloak "Poqa" {MR+ Regen+ Stlth-} (You
                  | found it in an ice cave)
 33429 | D:15     | Found a staircase to the Depths.
 33619 | D:15     | Offered knowledge of Conjure Ball Lightning by Vehumet.
 33619 | D:15     | Reached XP level 17. HP: 98/98 MP: 29/31
 33757 | D:15     | Reached skill level 11 in Spellcasting
 34062 | Orc:1    | Bought an uncursed amulet of the gourmand for 480 gold
                  | pieces
 34103 | Elf:1    | Entered Level 1 of the Elven Halls
 34840 | Elf:1    | Identified the Guide on Arcane Weapons
 36151 | Elf:2    | Offered knowledge of Lehudib's Crystal Spear by Vehumet.
 36151 | Elf:2    | Offered knowledge of Fire Storm by Vehumet.
 36151 | Elf:2    | Offered knowledge of Chain Lightning by Vehumet.
 36462 | Elf:2    | Noticed an Executioner
 36523 | Elf:2    | Found a runed translucent gate.
 36523 | Elf:2    | Found a runed translucent gate.
 36523 | Elf:2    | Found a runed translucent gate.
 36743 | Elf:3    | Entered Level 3 of the Elven Halls
 36894 | Elf:3    | Reached XP level 18. HP: 63/104 MP: 33/33
 37615 | Elf:3    | Reached skill level 10 in Dodging
 38894 | Elf:3    | Noticed a deep elf master archer
 38942 | Elf:3    | Killed a deep elf master archer
 39296 | Elf:3    | Noticed a deep elf master archer
 39326 | Elf:3    | Killed a deep elf master archer
 39517 | Elf:3    | Identified the +1 scale mail "Irim" {rPois}
 39517 | Elf:3    | Noticed a deep elf blademaster
 39523 | Elf:3    | Killed a deep elf blademaster
 39523 | Elf:3    | Reached skill level 15 in Earth Magic
 39622 | Elf:3    | Noticed a deep elf master archer
 39624 | Elf:3    | Killed a deep elf master archer
 39624 | Elf:3    | Noticed a deep elf blademaster
 39628 | Elf:3    | Killed a deep elf blademaster
 39628 | Elf:3    | Reached skill level 12 in Spellcasting
 39629 | Elf:3    | Noticed a deep elf blademaster
 39941 | Elf:3    | Identified the +5 scale mail "Qoub" {Str+5 Dex-2 Stlth+}
 39941 | Elf:3    | Noticed a deep elf blademaster
 39941 | Elf:3    | Identified the ring of Seamin {Str+4 SInv}
 39948 | Elf:3    | Killed a deep elf blademaster
 39964 | Elf:3    | Identified the cursed +2 long sword "Jutixkil" {freeze,
                  | Int+9 Dex+2}
 39965 | Elf:3    | Killed a deep elf blademaster
 39965 | Elf:3    | Reached XP level 19. HP: 25/110 MP: 9/35
 40213 | Elf:3    | Identified the cursed +0 robe of the Snake Pit {-Tele Int+9
                  | Dex+2}
 42843 | Snake:1  | Entered Level 1 of the Snake Pit
 44172 | Snake:1  | Found Xeiwod's Gadget Emporium.
 44172 | Snake:1  | Found Ebiher's Jewellery Shop.
 44173 | Snake:1  | Found Halel's Gadget Emporium.
 44414 | Snake:2  | Found Hostril's Magic Scroll Shoppe.
 44422 | Snake:2  | Bought a scroll of magic mapping for 42 gold pieces
 44422 | Snake:2  | Bought a scroll of magic mapping for 42 gold pieces
 44422 | Snake:2  | Bought 3 scrolls of immolation for 126 gold pieces
 44422 | Snake:2  | Bought a scroll of enchant weapon for 90 gold pieces
 44422 | Snake:2  | Bought a scroll of identify for 24 gold pieces
 44422 | Snake:2  | Bought a scroll of identify for 24 gold pieces
 44422 | Snake:2  | Bought a scroll of enchant weapon for 90 gold pieces
 44574 | Snake:1  | Learned a level 8 spell: Ignition
 46453 | Snake:3  | Found Oponuk's Weapon Shop.
 47408 | Snake:3  | Reached XP level 20. HP: 106/116 MP: 30/36
 48286 | Snake:4  | Entered Level 4 of the Snake Pit
 48955 | Snake:4  | Reached skill level 13 in Spellcasting
 50108 | Snake:4  | Got a serpentine rune of Zot
 50137 | Snake:4  | Reached skill level 15 in Fire Magic
 50351 | Shoals:1 | Entered Level 1 of the Shoals
 50363 | Shoals:1 | Paralysed by fainting for 9 turns
 51960 | Shoals:2 | Noticed Ilsuiw
 51992 | Shoals:2 | Killed Ilsuiw
 52700 | Shoals:2 | Got a shimmering animal skin
 52701 | Shoals:2 | Identified the cursed +1 animal skin of the Marlin {MR++
                  | Str+3} (You found it on level 2 of the Shoals)
 53033 | Shoals:3 | Found a shimmering altar of Xom.
 53042 | Shoals:3 | Reached XP level 21. HP: 120/122 MP: 14/38
 53278 | Shoals:3 | Noticed Polyphemus
 53374 | Shoals:3 | Killed Polyphemus
 53670 | Shoals:3 | Found a runed translucent door.
 53811 | Shoals:3 | Found a sparkling altar of Nemelex Xobeh.
 54480 | Shoals:4 | Entered Level 4 of the Shoals
 55129 | Shoals:4 | Reached skill level 15 in Conjurations
 55279 | Shoals:4 | Reached skill level 14 in Spellcasting
 55351 | Shoals:4 | Got a barnacled rune of Zot
 55423 | Shoals:4 | Got a steaming amber ring
 55424 | Shoals:4 | Identified the ring "Onwo" {*Tele Str+4 SInv} (You found it
                  | on level 4 of the Shoals)
 56078 | Shoals:4 | Reached XP level 22. HP: 128/128 MP: 40/40
 56497 | Vaults:1 | Entered Level 1 of the Vaults
 56731 | Vaults:1 | Noticed Nikola
 56737 | Vaults:1 | Killed Nikola
 57087 | Vaults:1 | Found Soun's General Store.
 57094 | Vaults:1 | Bought a scroll of identify for 38 gold pieces
 57159 | Vaults:1 | Found a runed translucent door.
 57159 | Vaults:1 | Found a shimmering altar of Xom.
 57159 | Vaults:1 | Identified the +8 great sword of Sanypn {chaos, +Fly rPois
                  | Int+2 Dex-4}
 57159 | Vaults:1 | Noticed bmfx's ghost (adept GnVM)
 57632 | Vaults:1 | Reached XP level 23. HP: 133/133 MP: 30/41
 57866 | Vaults:1 | Got a distressingly furry buckler
 57867 | Vaults:1 | Identified the +0 buckler "Earthly Heaven" {+Blink +Inv rC-
                  | MR+} (You found it on level 1 of the Vaults)
 58615 | Vaults:2 | Reached skill level 15 in Fighting
 58930 | Vaults:2 | Reached skill level 15 in Spellcasting
 60009 | Vaults:3 | Found a staircase to the Crypt.
 60804 | Vaults:3 | Reached XP level 24. HP: 132/140 MP: 36/42
 61180 | Vaults:4 | Identified the +8 chain mail of Zosiugad {+Inv}
 61527 | Vaults:4 | Reached skill level 16 in Spellcasting
 62049 | Vaults:4 | Found Noclaez's Magic Scroll Emporium.
 62072 | Vaults:4 | Bought a scroll of magic mapping for 49 gold pieces
 62072 | Vaults:4 | Bought a scroll of identify for 28 gold pieces
 62072 | Vaults:4 | Bought a scroll of magic mapping for 49 gold pieces
 62072 | Vaults:4 | Bought a scroll of identify for 28 gold pieces
 62072 | Vaults:4 | Bought a scroll of fog for 28 gold pieces
 62072 | Vaults:4 | Bought a scroll of identify for 28 gold pieces
 62528 | Vaults:5 | Entered Level 5 of the Vaults
 62840 | Depths:1 | Entered Level 1 of the Depths
 62840 | Depths:1 | Found a one-way gate to the infinite horrors of the Abyss.
 63268 | Depths:1 | Found a one-way gate leading to the halls of Pandemonium.
 63328 | Depths:1 | Found a gateway to Hell.
 63474 | Depths:1 | Found a burning altar of Makhleb.
 63660 | Depths:1 | Found a burning altar of Makhleb.
 63661 | Depths:1 | Found the cursed +14 obsidian axe {chop, +Fly SInv *Curse}
 63754 | Depths:1 | Reached XP level 25. HP: 146/146 MP: 31/43
 64398 | Depths:2 | Identified the amulet of Hove {Reflect rN+ SH+3}
 64402 | Depths:2 | Learned a level 9 spell: Shatter
 64717 | Depths:2 | Reached skill level 17 in Spellcasting
 65450 | Depths:2 | Found the amulet of the Air {Inacc +Fly rElec EV+5 RMsl}
 65474 | Depths:2 | Learned a level 6 spell: Bolt of Fire
 65924 | Depths:3 | Found an ancient bone altar of Kikubaaqudgha.
 66480 | Depths:3 | Found a gateway to a ziggurat.
 66553 | Depths:3 | Found Pudug's Assorted Antiques.
 66567 | Depths:3 | Bought a potion of might for 172 gold pieces
 66567 | Depths:3 | Bought a scroll labeled XOGIQO NIRAOGA for 43 gold pieces
 66567 | Depths:3 | Bought a scroll of identify for 86 gold pieces
 66567 | Depths:3 | Bought a scroll of identify for 86 gold pieces
 67450 | Depths:4 | Reached XP level 26. HP: 145/154 MP: 34/44
 67496 | Depths:4 | Found the +5 robe of Night {Dark MR+ SInv}
 68032 | Depths:4 | Reached skill level 18 in Spellcasting
 68426 | Depths:4 | Found a runed translucent door.
 68428 | Depths:4 | Noticed a juggernaut
 68438 | Depths:4 | Killed a juggernaut
 68450 | Depths:4 | Got a coiled lead ring
 68468 | Depths:4 | Identified the ring of Ofyab {Fire +Blink} (You found it on
                  | level 4 of the Depths)
 68903 | Crypt:1  | Entered Level 1 of the Crypt
 69032 | Crypt:1  | Reached skill level 1 in Shields
 70319 | Crypt:2  | Noticed Frederick
 70326 | Crypt:2  | Killed Frederick
 70572 | Crypt:2  | Found an ancient bone altar of Kikubaaqudgha.
 71144 | Crypt:3  | Entered Level 3 of the Crypt
 71149 | Crypt:3  | Noticed Jory
 71491 | Crypt:3  | Identified the +2 great mace "Xurhoku" {venom, Str+4} (You
                  | found it on level 3 of the Crypt)
 72167 | Crypt:3  | Reached XP level 27. HP: 139/159 MP: 45/45
 72410 | Crypt:3  | Killed Jory
 72973 | Crypt:3  | Found a staircase to the Tomb.
 73153 | Crypt:3  | Found an ancient bone altar of Kikubaaqudgha.
 73167 | Crypt:3  | Learned a level 9 spell: Fire Storm
 73170 | Crypt:3  | Noticed an ancient lich
 73173 | Crypt:3  | Killed an ancient lich
 73216 | Crypt:3  | Noticed an ancient lich
 73221 | Crypt:3  | Killed an ancient lich
 73810 | Depths:5 | Entered Level 5 of the Depths
 73813 | Depths:5 | Noticed Xtahua
 73827 | Depths:4 | Killed Xtahua
 73911 | Depths:5 | Reached skill level 5 in Shields
 74161 | Depths:5 | Reached skill level 19 in Spellcasting
 74621 | Depths:5 | Found a gate to the Realm of Zot.
 75698 | Slime:1  | Entered Level 1 of the Pits of Slime
 75706 | Slime:1  | Gained mutation: Your magical capacity is low. (-10% MP) [a
                  | shining eye]
 76523 | Slime:5  | Entered Level 5 of the Pits of Slime
 76533 | Slime:5  | Gained mutation: You are occasionally teleported next to
                  | monsters. [a shining eye]
 76536 | Slime:5  | Gained mutation: Scrolls take you a little longer to read.
                  | [a shining eye]
 76543 | Slime:5  | Gained mutation: You are weak. (Str -2) [a shining eye]
 76553 | Slime:5  | Reached skill level 15 in Dodging
 76556 | Slime:5  | Noticed the Royal Jelly
 76667 | Slime:5  | Killed the Royal Jelly
 76922 | Slime:5  | Found the +8 demon trident "Rift" {distort, reach+}
 76928 | Slime:5  | Got a slimy rune of Zot
 76967 | Slime:5  | Got a shimmering crystal amulet
 76970 | Slime:5  | Identified the amulet "Jolikh" {Inacc rElec} (You found it
                  | on level 5 of the Pits of Slime)
 76989 | Slime:5  | Identified the -5 pair of boots "Tane" {rF+} (You found it
                  | on level 5 of the Pits of Slime)
 77195 | Slime:5  | Identified the Reference Book on Toxic Execration
 77210 | Slime:5  | Identified the Volume of Mutagenic Companions
 77213 | Slime:5  | Identified the Guide on Translocation and Clay
 77549 | D:15     | Lost mutation: Your magical capacity is low. (-10% MP)
                  | [potion of mutation]
 77549 | D:15     | Lost mutation: Scrolls take you a little longer to read.
                  | [potion of mutation]
 77549 | D:15     | Lost mutation: You are frail. (-10% HP) [potion of
                  | mutation]
 77549 | D:15     | Lost mutation: You are partially covered in rugged brown
                  | scales. (AC +1, +3% HP) [potion of mutation]
 77549 | D:15     | Lost mutation: You are occasionally teleported next to
                  | monsters. [potion of mutation]
 77549 | D:15     | Gained mutation: You tend to lose your temper in combat.
                  | [potion of mutation]
 77549 | D:15     | Lost mutation: Your spells are a little harder to cast, but
                  | a little more powerful. [potion of mutation]
 77549 | D:15     | Gained mutation: Your mind is acute. (Int +2) [potion of
                  | mutation]
 77550 | D:15     | Lost mutation: Your mind is acute. (Int +2) [potion of
                  | mutation]
 77550 | D:15     | Lost mutation: You are weak. (Str -2) [potion of mutation]
 77550 | D:15     | Lost mutation: You tend to lose your temper in combat.
                  | [potion of mutation]
 77550 | D:15     | Gained mutation: You passively map a small area around you.
                  | [potion of mutation]
 77550 | D:15     | Gained mutation: You have a pair of small antennae on your
                  | head. [potion of mutation]
 77550 | D:15     | Gained mutation: You have a pair of antennae on your head.
                  | [potion of mutation]
 77550 | D:15     | Gained mutation: You are partially covered in molten
                  | scales. (AC +2) [potion of mutation]
 78347 | Vaults:5 | Reached skill level 20 in Spellcasting
 79772 | Vaults:5 | Found the +9 staff of Wucad Mu {channel}
 80014 | Vaults:5 | Got a silver rune of Zot
 80839 | Depths:1 | Voluntarily entered the Abyss.
 80942 | Abyss:1  | Reached skill level 21 in Spellcasting
 81537 | Abyss:3  | Got an abyssal rune of Zot
 81799 | Depths:1 | Escaped the Abyss
 81984 | Orc:2    | Bought a scroll of teleportation for 42 gold pieces
 81984 | Orc:2    | Bought a scroll of enchant armour for 105 gold pieces
 81985 | Orc:2    | Bought a book of Annihilations for 1987 gold pieces
 81995 | Orc:2    | Learned a level 9 spell: Glaciate
 82103 | D:7      | Bought 3 scrolls of blinking for 270 gold pieces
 82103 | D:7      | Bought a scroll of enchant armour for 90 gold pieces
 82295 | Snake:2  | Bought a scroll of blinking for 90 gold pieces
 82295 | Snake:2  | Bought a scroll of teleportation for 36 gold pieces
 82295 | Snake:2  | Bought a scroll of enchant armour for 90 gold pieces
 82547 | Zig:1    | Entered Level 1 of a ziggurat
 82568 | Zig:2    | Entered Level 2 of a ziggurat
 82589 | Zig:2    | Identified the Incunabulum of Clay and Boosts
 82596 | Zig:3    | Entered Level 3 of a ziggurat
 82607 | Zig:3    | Reached skill level 1 in Ice Magic
 82750 | Zig:4    | Entered Level 4 of a ziggurat
 82755 | Zig:4    | Noticed Getazxof the pandemonium lord
 82756 | Zig:4    | Reached skill level 22 in Spellcasting
 82757 | Zig:4    | Killed Getazxof the pandemonium lord
 82847 | Zig:5    | Entered Level 5 of a ziggurat
 82866 | Zig:5    | Noticed a greater mummy
 82871 | Zig:5    | Killed a greater mummy
 82996 | Zig:6    | Entered Level 6 of a ziggurat
 83186 | Zig:6    | Got a scintillating glass ring
 83187 | Zig:6    | Identified the ring "Biostroc" {rElec rC+ rN+ SInv} (You
                  | found it on level 6 of a ziggurat)
 83192 | Zig:7    | Entered Level 7 of a ziggurat
 83305 | Zig:8    | Entered Level 8 of a ziggurat
 83319 | Zig:8    | Noticed an ancient lich
 83322 | Zig:8    | Killed an ancient lich
 83331 | Zig:8    | Found the +3 robe of Folly {Archmagi, MR-- Int+5}
 83366 | Zig:8    | Got a pair of warped boots
 83380 | Zig:8    | Identified the +3 pair of boots of Luereot {rElec rCorr}
                  | (You found it on level 8 of a ziggurat)
 83399 | Zig:8    | Got a fine morningstar
 83400 | Zig:8    | Identified the +8 morningstar of Ru's Reproof {antimagic,
                  | *Contam Str+6} (You found it on level 8 of a ziggurat)
 83414 | Zig:9    | Entered Level 9 of a ziggurat
 83474 | Zig:9    | Got a heavily runed silver ring
 83475 | Zig:9    | Identified the ring "Zefiklu" {rC+ AC+3} (You found it on
                  | level 9 of a ziggurat)
 83481 | Zig:9    | Identified the Tome of Displacement and Malediction
 83485 | Zig:9    | Got a scintillating bronze ring
 83486 | Zig:9    | Identified the ring of Zykh {rPois MR+ Str+3 Dex-4 SInv}
                  | (You found it on level 9 of a ziggurat)
 83501 | Zig:10   | Entered Level 10 of a ziggurat
 83512 | Zig:10   | Reached skill level 23 in Spellcasting
 83514 | Zig:10   | Reached skill level 5 in Ice Magic
 83670 | Zig:11   | Entered Level 11 of a ziggurat
 83714 | Zig:11   | Found the ring of the Octopus King
 83720 | Zig:11   | Got a smoking glass ring
 83721 | Zig:11   | Identified the ring of Piukk {*Contam rF+ rN+ rCorr} (You
                  | found it on level 11 of a ziggurat)
 83734 | Zig:11   | Got a ring of the Octopus King
 83735 | Zig:11   | Identified a ring of the Octopus King {MP+9 AC+1 EV+1 Str+1
                  | Int+1 Dex+1} (You found it on level 11 of a ziggurat)
 83738 | Zig:12   | Entered Level 12 of a ziggurat
 83746 | Zig:12   | Noticed an ancient lich
 83747 | Zig:12   | Noticed an ancient lich
 83750 | Zig:12   | Killed an ancient lich
 83750 | Zig:12   | Killed an ancient lich
 83751 | Zig:12   | Reached skill level 10 in Ice Magic
 83793 | Zig:12   | Got a heavily runed tin amulet
 83794 | Zig:12   | Identified the amulet of the City {Harm *Drain Str+5 Int+4}
                  | (You found it on level 12 of a ziggurat)
 83801 | Zig:12   | Got a coiled amethyst amulet
 83802 | Zig:12   | Identified the amulet "Sits" {*Contam +Rage MP+9 Str+2
                  | Int+3} (You found it on level 12 of a ziggurat)
 83823 | Zig:13   | Entered Level 13 of a ziggurat
 83832 | Zig:13   | Noticed a greater mummy
 83833 | Zig:13   | Noticed a greater mummy
 83836 | Zig:13   | Killed a greater mummy
 83836 | Zig:13   | Killed a greater mummy
 83846 | Zig:13   | HP: 5/180 [reaper/+2 scythe of slicing[a guardian mummy's
                  | death curse] (5)]
 84162 | Zig:13   | Identified the Disquisition on Creative Beguiling
 84175 | Zig:13   | Got an ichor-stained hat
 84176 | Zig:13   | Identified the +0 hat of Dramatic Exits {MR- Str+6 Int+2}
                  | (You found it on level 13 of a ziggurat)
 84191 | Zig:14   | Entered Level 14 of a ziggurat
 84204 | Zig:14   | Noticed an ancient lich
 84207 | Zig:14   | Killed an ancient lich
 84207 | Zig:14   | Noticed an ancient lich
 84211 | Zig:14   | Killed an ancient lich
 84434 | Zig:14   | Identified the cursed +0 cloak of Insurance {rElec Int+6
                  | Dex-3} (You found it on level 14 of a ziggurat)
 84454 | Zig:15   | Entered Level 15 of a ziggurat
 84467 | Zig:15   | Reached skill level 24 in Spellcasting
 84549 | Zig:16   | Entered Level 16 of a ziggurat
 84589 | Zig:16   | Found the +8 lance "Wyrmbane" {slay drac, rPois rF+ rC+
                  | AC+3}
 84601 | Zig:16   | Got a clouded copper ring
 84602 | Zig:16   | Identified the ring "Jaosong" {MP+9 Int+3 Dex+3} (You found
                  | it on level 16 of a ziggurat)
 84638 | Zig:16   | Identified the Compendium of the Twisted Snowflakes
 84648 | Zig:17   | Entered Level 17 of a ziggurat
 84660 | Zig:17   | Noticed a greater mummy
 84663 | Zig:17   | Noticed a greater mummy
 84666 | Zig:17   | Noticed a greater mummy
 84668 | Zig:17   | Noticed a greater mummy
 84671 | Zig:18   | Entered Level 18 of a ziggurat
 85349 | Zig:18   | Noticed Ifoimung the pandemonium lord
 85349 | Zig:18   | Noticed Zasim the pandemonium lord
 85350 | Zig:18   | Noticed Peonnyfe the pandemonium lord
 85351 | Zig:18   | Noticed Kostrec the pandemonium lord
 85353 | Zig:18   | Noticed Ominwora the pandemonium lord
 85354 | Zig:18   | Reached skill level 5 in Polearms
 85354 | Zig:18   | Noticed Ohillaerph the pandemonium lord
 85383 | Zig:18   | HP: 8/183 [Kostrec the pandemonium lord (15)]
 85384 | Zig:18   | Demolished by Kostrec the pandemonium lord

Levels and vault maps discovered:
D:1:      tarquinn_simple_flora_water_e, layout_basic, minivault_5
D:2:      layout_basic, grunt_temple_overflow_opulence, minmay_pentomino_w4
D:3:      layout_basic, fedhas_altar_3
D:4:      layout_rooms, nicolae_overflow_hidden_temple, serial_shops,
          kennysheep_little_box, uniq_sigmund
D:5:      cheibrodos_fertilizer, layout_loops_ring, first_ration,
          kennysheep_generic_room_16
D:6:      layout_layer_cave
D:7:      layout_rooms, minmay_temple_entry_glassed_door, serial_shops,
          kennysheep_mini_moat
D:8:      layout_basic, blue_anna_alchemist [blue_anna_fruit_fields,
          blue_anna_fruit_fields], uniq_prince_ribbit1, uniq_maurice
D:9:      minmay_spotlight, layout_basic, lemuel_crystal_altar,
          minmay_orc_entry_temple_small
D:10:     lemuel_troll_bridge, layout_basic, hangedman_corner_corridor
D:11:     layout_cave_pods, lair_entry_dummy
D:12:     layout_irregular_city, uniq_azrael
D:13:     layout_basic, lightli_vaults_fourway_checkpoint, uniq_jorgrun
D:14:     layout_irregular_city, kennysheep_decorative_pillar,
          minmay_guarded_unrand_wrath_of_trog
D:15:     grunt_enter_depths_magical_seal, layout_basic, serial_shops,
          bzr_in_the_mist, portal_ice_cave_entry_animals_and_master,
          hangedman_abyss_or_decor_stabs
Temple:   eino_narrow_crystal_temple
Lair:1:   layout_regular_city, basic_altar, patterned_corridor,
          grunt_megastairs_4, minmay_lair_oklob_chamber
Lair:2:   layout_roguey, lemuel_fruit_tree, grunt_megastairs_1,
          serial_bayou_shore_a, lemuel_fruit_fields
Lair:3:   pond_and_an_island_with_a_cottage, layout_regular_city,
          guppyfry_snake_entry_island, disabler_island
Lair:4:   layout_loops_ring, minmay_shoals_entry_hut, serial_forest,
          infiniplex_forest_lined_2, infiniplex_forest_straight_5,
          infiniplex_forest_end_2, infiniplex_forest_straight_1,
          infiniplex_forest_clump_diagonal, infiniplex_forest_lined_ring,
          fungi_pond_lemuel
Lair:5:   layout_cave_pods, gammafunk_ghost_hydra_chop, beast_lair_carwin_8,
          uniq_kirke
Lair:6:   minmay_lair_end_frog_pond, layout_gridlike, slime_altar_1, pond
Shoals:1: layout_shoals
Shoals:2: argonaut_golden_fleece, layout_shoals, uniq_ilsuiw
Shoals:3: cheibrodos_shoals_three_sisters, layout_shoals,
          hangedman_feature_mirror, lightli_airlock, uniq_polyphemus
Shoals:4: shoals_end_simple, layout_shoals
Snake:1:  layout_layer_cave, minmay_shop_grove
Snake:2:  layout_chambers, minmay_shop_grid_forest
Snake:3:  layout_chambers, serial_shops, nicolae_shop_waterfront
Snake:4:  minmay_snake_end_coiled, layout_cave_town
Slime:1:  layout_caves, nicolae_slime_barrier, nicolae_slime_phagocytosis
Slime:2:  layout_caves, nicolae_slime_welcoming_committee
Slime:3:  layout_caves
Slime:4:  layout_caves
Slime:5
Orc:1:    layout_caves, nicolae_volcano_entry_lava_flow, serial_shops, shop
Orc:2:    st_orc_mages, layout_caves, basic_altar, nicolae_orc_lost_temple
Elf:1:    eino_elf_arrival_the_gate, layout_geoelf_octagon, special_room
          [special_room_orc], minmay_elf_annihilation, drop_trap
Elf:2:    layout_geoelf_octagon
Elf:3:    minmay_elf_hall_statues, layout_loops_corners
Vaults:1: ebering_vaults_ghost_xom, vaults_room_boxed, v_misc_14,
          hangedman_vaults_locks, v_alt_pattern_4,
          vaults_standard_mumra_enter_the_diamond, v_misc_4, v_misc_28,
          v_misc_22, nicolae_vaults_rhombus_5, hangedman_vaults_variations,
          ontoclasm_vaults_pinch, nicolae_vaults_rhombus_5, layout_vaults_ring,
          serial_shops, nicolae_shop_window_shopping, uniq_nikola
Vaults:2: grunt_vaults_funnel, v_misc_29, v_misc_27, grunt_vaults_bifocal,
          v_misc_17, v_misc_29, v_misc_27, layout_vaults_chaotic_city
Vaults:3: v_alt_pattern_5, minmay_crypt_entry_simple_statues,
          dpeg_vaults_monster_box, hangedman_vaults_corner_blocks,
          vaults_room_grunt_arrival_ludios, v_rooms_1,
          vaults_room_grunt_arrival_checkpoint, vaults_dpeg_doors,
          st_more_cells, vaults_room_semicircle, vaults_dpeg_hooks,
          ontoclasm_vaults_hangar, nicolae_vaults_alarming,
          layout_vaults_maze_bifur
Vaults:4: vaults_room_guarded_vault, vaults_mumra_hex, nicolae_vaults_little_ls,
          vaults_room_stairs_pillars, nicolae_vaults_yaktaur_gun_rack,
          ontoclasm_vaults_twist, nicolae_vaults_little_squares_3,
          ontoclasm_vaults_idyll, v_misc_15, serial_ice_h,
          ontoclasm_vaults_decontamination, hangedman_vaults_slice,
          nicolae_vaults_theta, layout_vaults_omnigrid, serial_shops,
          shop_statue
Vaults:5
Crypt:1:  layout_basic, grunt_crypt_arrival_split
Crypt:2:  layout_catacombs, basic_altar, uniq_frederick
Crypt:3:  quadcrypt_mu, uniq_jory
Depths:1: layout_gridlike, abyss_entry, lightli_too_deep,
          rand_demon_pan_entry_8, nicolae_twisting_strands,
          hangedman_decor_points, corexii_corridor_pit, serial_bayou_pond_d,
          minmay_hedge_maze, grunt_guarded_unrand_obsidian_axe
Depths:2: minmay_the_grid_triangle_9x9_recursive_2
          [minmay_the_grid_triangle_9x9_prize_top_heavy,
          minmay_the_grid_triangle_9x9_thin_v,
          minmay_the_grid_triangle_9x9_empty,
          minmay_the_grid_triangle_9x9_stretched_checkered], layout_cave_shapes,
          minmay_fountain_box, hell_entry, grunt_pan_entry_in_and_out
Depths:3: evilmike_negative_zone, layout_twisted_cross, enter_ziggurat_f,
          hell_entry, serial_shops, shop, pan_entry, grunt_megastairs_2,
          minmay_staircase_statues_hall_small
Depths:4: cheibrodos_poisonous_passages, layout_cave_pools,
          minmay_room_of_horrors, hell_entry, skrybe_limestone_x,
          grunt_decor_mini_mirrors, kennysheep_crisscross,
          kennysheep_treasure_room, minmay_staircase_statues
Depths:5: grunt_twist_and_shout, layout_basic, hell_entry, uniq_xtahua
Zig:18

Skill      XL: |  1  2  3  4  5  6  7  8  9 10 11 12 13 14 15 16 17 18 19 20 21 22 23 24 25 26 27 |
---------------+----------------------------------------------------------------------------------+-----
Earth Magic    | 4 5 6 7 8 9 10 11 12 13 14 15 16 17 18 19 22 | 22.0
Conjurations   | 1 2 3 4 5 6 7 8 9 10 11 12 13 14 15 | 15.0
Spellcasting   | 3 4 5 6 7 8 9 10 11 12 13 14 15 16 17 18 24 | 24.5
Armour         | 1 3 4 5 6 |  6.0
Fighting       | 1 3 4 5 6 8 9 10 11 12 13 14 15 16 17 21 | 21.4
Maces & Flails | 1 2 3 5 6 7 8 9 10 11 12 13 14 | 14.0
Dodging        | 2 3 4 5 6 7 8 9 10 11 12 13 14 15 | 15.5
Evocations     | 1 2 3 4 5 6 |  6.0
Fire Magic     | 4 7 9 11 12 13 14 15 16 17 18 19 20 22 | 22.0
Shields        | 3 5 |  5.0
Ice Magic      | 13 | 13.0
Polearms       | 5 |  5.3
Stealth        | |  2.1
Transmutations | |  0.7

Action                   |  1- 3 |  4- 6 |  7- 9 | 10-12 | 13-15 | 16-18 | 19-21 | 22-24 | 25-27 || total
-------------------------+-------+-------+-------+-------+-------+-------+-------+-------+-------++-------
Melee: Club              |    55 |    84 |    11 |       |       |       |       |       |       ||   150
       Unarmed           |     5 |       |       |       |       |       |       |       |       ||     5
       Spear             |       |    13 |       |       |       |       |       |       |       ||    13
       Flail             |       |       |   197 |       |   847 |   975 |   306 |       |       ||  2325
       Dagger            |       |       |    60 |    79 |       |       |       |       |       ||   139
       Short sword       |       |       |       |   609 |    67 |       |       |       |       ||   676
       Morningstar       |       |       |       |       |       |       |   711 |   547 |  1523 ||  2781
       Lance             |       |       |       |       |       |       |       |       |     4 ||     4
Throw: Stone             |       |       |       |       |       |     1 |       |       |       ||     1
 Cast: Sandblast         |    27 |    75 |    92 |   100 |   100 |    14 |     7 |       |     1 ||   416
       Stone Arrow       |       |     1 |     4 |    44 |    32 |       |       |       |     1 ||    82
       Lee's Rapid Decon |       |       |     3 |    70 |    64 |   114 |    52 |    29 |    44 ||   376
       Mephitic Cloud    |       |       |       |     8 |     6 |       |       |       |       ||    14
       Fireball          |       |       |       |       |    36 |    48 |    40 |     2 |       ||   126
       Bolt of Magma     |       |       |       |       |     8 |     1 |    11 |       |       ||    20
       Iron Shot         |       |       |       |       |     2 |    95 |   160 |    55 |   201 ||   513
       Irradiate         |       |       |       |       |     2 |     1 |     2 |       |       ||     5
       Ignition          |       |       |       |       |       |       |    34 |    74 |   150 ||   258
       Shatter           |       |       |       |       |       |       |       |       |    89 ||    89
       Bolt of Fire      |       |       |       |       |       |       |       |       |    29 ||    29
       Fire Storm        |       |       |       |       |       |       |       |       |    25 ||    25
 Abil: Fly               |       |       |       |       |     1 |       |       |       |       ||     1
Evoke: Wand              |       |       |     5 |    30 |     3 |     9 |     8 |     1 |     5 ||    61
       Box of beasts     |       |       |       |       |       |       |       |       |     2 ||     2
       Lamp of fire      |       |       |       |       |       |       |       |       |     1 ||     1
  Use: Scroll            |       |       |    18 |    11 |    17 |     9 |    18 |     6 |    55 ||   134
       Potion            |       |       |     2 |     3 |     5 |     4 |     3 |       |    39 ||    56
 Stab: Sleeping          |     5 |     3 |     1 |     4 |     4 |       |       |       |       ||    17
       Distracted        |       |       |       |       |     4 |     1 |       |       |     1 ||     6
       Confused          |       |       |       |       |       |       |     1 |       |       ||     1
       Invisible         |       |       |       |       |       |       |       |       |     1 ||     1
       Petrified         |       |       |       |       |       |       |       |       |     1 ||     1
  Eat: Chunk             |     2 |     7 |    12 |    36 |    35 |    89 |    93 |    67 |   100 ||   441
       Ration            |       |       |     1 |     3 |     8 |     2 |     9 |       |    20 ||    43
Armor: Robe              |    36 |    75 |   161 |   574 |   554 |   490 |   718 |   286 |  1047 ||  3941
Dodge: Dodged            |    56 |   127 |   216 |   636 |   754 |   672 |   933 |   368 |  1254 ||  5016
Block: Buckler           |       |       |       |       |       |       |       |       |   233 ||   233

Table legend:
 A = Non-vault XP
 B = Vault XP
 C = Vault XP percentage of total XP
 D = Non-vault monster count
 E = Vault monster count
 F = Vault count percentage of total count
                 A         B        C        D         E       F
            +---------+---------+-------+---------+---------+-------
      Total | 1127807 |  741830 |  39.7 |    2146 |     985 |  31.5
            +---------+---------+-------+---------+---------+-------
        D:1 |      30 |       0 |   0.0 |      18 |       0 |   0.0
        D:2 |      65 |      40 |  38.1 |      23 |       6 |  20.7
        D:3 |      73 |       0 |   0.0 |      24 |       0 |   0.0
        D:4 |     303 |     223 |  42.4 |      10 |       1 |   9.1
        D:5 |     984 |     958 |  49.3 |      28 |      16 |  36.4
        D:6 |     612 |       0 |   0.0 |      20 |       0 |   0.0
        D:7 |    1576 |       0 |   0.0 |      44 |       0 |   0.0
        D:8 |    2044 |     825 |  28.8 |      41 |       3 |   6.8
        D:9 |    3027 |     388 |  11.4 |      41 |       9 |  18.0
       D:10 |    4039 |    6079 |  60.1 |      31 |      18 |  36.7
       D:11 |    5947 |     147 |   2.4 |      47 |       1 |   2.1
       D:12 |    5921 |    2571 |  30.3 |      48 |       8 |  14.3
       D:13 |    6657 |    9336 |  58.4 |      30 |      13 |  30.2
       D:14 |    9373 |    3350 |  26.3 |      25 |       4 |  13.8
       D:15 |   12007 |    6533 |  35.2 |      37 |      17 |  31.5
     Lair:1 |    3041 |    1548 |  33.7 |      14 |       2 |  12.5
     Lair:2 |    3894 |      96 |   2.4 |      20 |       1 |   4.8
     Lair:3 |    3984 |    3412 |  46.1 |      14 |      11 |  44.0
     Lair:4 |   11115 |     253 |   2.2 |      43 |       1 |   2.3
     Lair:5 |    7397 |   12638 |  63.1 |      22 |      17 |  43.6
     Lair:6 |   12598 |   13115 |  51.0 |      37 |      53 |  58.9
   Shoals:1 |   16026 |       0 |   0.0 |      32 |       0 |   0.0
   Shoals:2 |   13751 |    4962 |  26.5 |      30 |       6 |  16.7
   Shoals:3 |   17255 |   25795 |  59.9 |      29 |      35 |  54.7
   Shoals:4 |   16904 |   18586 |  52.4 |      36 |      31 |  46.3
    Snake:1 |   25738 |       0 |   0.0 |      54 |       0 |   0.0
    Snake:2 |   16722 |       0 |   0.0 |      34 |       0 |   0.0
    Snake:3 |   22139 |       0 |   0.0 |      39 |       0 |   0.0
    Snake:4 |   25125 |   21558 |  46.2 |      55 |      39 |  41.5
    Slime:1 |   19928 |    1076 |   5.1 |      22 |       4 |  15.4
    Slime:2 |   12007 |       0 |   0.0 |      20 |       0 |   0.0
    Slime:3 |     524 |       0 |   0.0 |       1 |       0 |   0.0
    Slime:4 |   26586 |    2379 |   8.2 |      47 |       1 |   2.1
    Slime:5 |   10386 |   30612 |  74.7 |      14 |      14 |  50.0
      Orc:1 |    8057 |       0 |   0.0 |      65 |       0 |   0.0
      Orc:2 |    6611 |    5902 |  47.2 |      44 |      44 |  50.0
      Elf:1 |   16517 |   16124 |  49.4 |      27 |      34 |  55.7
      Elf:2 |   19563 |   23530 |  54.6 |      31 |      30 |  49.2
      Elf:3 |   28198 |   51966 |  64.8 |      48 |      32 |  40.0
   Vaults:1 |   20577 |   20376 |  49.8 |      42 |      25 |  37.3
   Vaults:2 |   30548 |   20953 |  40.7 |      52 |      42 |  44.7
   Vaults:3 |   36361 |   40387 |  52.6 |      53 |      52 |  49.5
   Vaults:4 |   25106 |   35504 |  58.6 |      35 |      34 |  49.3
   Vaults:5 |   25805 |  101963 |  79.8 |      49 |      78 |  61.4
    Crypt:1 |   33676 |       0 |   0.0 |      54 |       0 |   0.0
    Crypt:2 |   15800 |    5118 |  24.5 |      29 |       1 |   3.3
    Crypt:3 |       0 |   72311 | 100.0 |       0 |      82 | 100.0
   Depths:1 |   24991 |   19735 |  44.1 |      27 |      31 |  53.4
   Depths:2 |   35127 |   24189 |  40.8 |      46 |      32 |  41.0
   Depths:3 |   16890 |   48768 |  74.3 |      22 |      55 |  71.4
   Depths:4 |   42842 |   40379 |  48.5 |      52 |      37 |  41.6
   Depths:5 |   73815 |   17836 |  19.5 |      55 |      13 |  19.1
    Abyss:1 |   17349 |       0 |   0.0 |      32 |       0 |   0.0
    Abyss:3 |   17758 |   15822 |  47.1 |      31 |      14 |  31.1
    Abyss:4 |    2247 |       0 |   0.0 |       1 |       0 |   0.0
      Zig:1 |     687 |       0 |   0.0 |       2 |       0 |   0.0
      Zig:2 |    1232 |       0 |   0.0 |       3 |       0 |   0.0
      Zig:3 |    5090 |    2508 |  33.0 |       5 |       4 |  44.4
      Zig:4 |    9020 |       0 |   0.0 |       3 |       0 |   0.0
      Zig:5 |    8826 |       0 |   0.0 |       8 |       0 |   0.0
      Zig:6 |   11844 |       0 |   0.0 |       6 |       0 |   0.0
      Zig:7 |   11623 |       0 |   0.0 |      10 |       0 |   0.0
      Zig:8 |   20998 |       0 |   0.0 |      10 |       0 |   0.0
      Zig:9 |   14206 |       0 |   0.0 |      19 |       0 |   0.0
     Zig:10 |   15538 |       0 |   0.0 |      20 |       0 |   0.0
     Zig:11 |   18209 |       0 |   0.0 |      17 |       0 |   0.0
     Zig:12 |   38628 |       0 |   0.0 |      18 |       0 |   0.0
     Zig:13 |   27212 |       0 |   0.0 |      38 |       0 |   0.0
     Zig:14 |   37642 |       0 |   0.0 |      25 |       0 |   0.0
     Zig:15 |   25552 |       0 |   0.0 |      43 |       0 |   0.0
     Zig:16 |   36814 |       0 |   0.0 |      40 |       0 |   0.0
     Zig:17 |    9344 |    2498 |  21.1 |      44 |       4 |   8.3
     Zig:18 |   19726 |       0 |   0.0 |      10 |       0 |   0.0
      IceCv |       0 |    4002 | 100.0 |       0 |      19 | 100.0
    Volcano |       0 |    5479 | 100.0 |       0 |      11 | 100.0
            +---------+---------+-------+---------+---------+-------
